 Dungeon Crawl Stone Soup version 0.24-a0-375-g4de66ed42b (webtiles) character file.

Game seed: 12185429027103328166

4932 HAL9000 the Slicer (level 10, -13/46 HPs)
             Began as a Vine Stalker Assassin on May 31, 2019.
             Was a Follower of Uskayaw.
             Mangled by a death yak (16 damage)
             ... on level 8 of the Dungeon.
             The game lasted 00:14:50 (7802 turns).

HAL9000 the Slicer (Vine Stalker Assassin)          Turns: 7802, Time: 00:14:50

Health: -13/46     AC:  5    Str: 16    XL:     10   Next: 52%
Magic:  0/11       EV: 11    Int: 12    God:    Uskayaw [*.....]
Gold:   300        SH:  5    Dex: 16    Spells: 7/9 levels left

rFire    . . .     SeeInvis .   x - +0 rapier (vamp)
rCold    . . .     Gourm    +   I - +0 buckler
rNeg     . . .     Faith    .   s - +2 robe {Archmagi}
rPois    .         Spirit   +   (no helmet)
rElec    .         Reflect  .   c - +0 cloak
rCorr    .         Harm     .   (no gloves)
MR       +....                  (no boots)
Stlth    +++.......             j - amulet of the gourmand
HPRegen  0.55/turn              (no ring)
MPRegen  0.12/turn              (no ring)

@: no status effects
A: fangs 3, regeneration 1, magic shield, antimagic bite, no potion heal 3, rot
immunity
a: Stomp, Renounce Religion


You were on level 8 of the Dungeon.
You worshipped Uskayaw.
Uskayaw was noncommittal.
You were very full.

You visited 2 branches of the dungeon, and saw 9 of its levels.

You collected 300 gold pieces.

Inventory:

Hand Weapons
 n - a +2 short sword of freezing
 t - a +2 dagger of venom
 x - a +0 vampiric rapier (weapon)
Missiles
 b - 9 silver boomerangs
 d - 23 poisoned darts
 e - 4 curare-tipped darts (quivered)
 p - 4 javelins
 q - 11 boomerangs
 H - 3 throwing nets
Armour
 c - a +0 cloak (worn)
 s - a +2 robe of the Archmagi (worn)
 I - a +0 buckler (worn)
Jewellery
 j - an amulet of the gourmand (around neck)
Wands
 A - a wand of iceblast (6)
 J - a wand of random effects (27)
Scrolls
 g - 2 scrolls of fog
 k - 5 scrolls of teleportation
 o - a scroll of amnesia {unknown}
 u - 2 scrolls of immolation {unknown}
 v - 2 scrolls of remove curse
 y - a scroll of magic mapping {unknown}
 B - a scroll of fear {unknown}
 C - a scroll of random uselessness {unknown}
 E - a scroll of enchant armour {unknown}
 G - a scroll of vulnerability {unknown}
 K - a scroll of enchant weapon {unknown}
Potions
 a - 3 potions of curing
 h - a potion of brilliance {unknown}
 i - a potion of cancellation {unknown}
 l - 3 potions of might
 m - a potion of flight {unknown}
 r - 3 potions of magic
 w - a potion of degeneration {unknown}
 z - 2 potions of resistance {unknown}
 D - a potion of haste {unknown}
 F - a potion of lignification {unknown}
Comestibles
 f - 15 rations


   Skills:
 - Level 1.7 Fighting
 + Level 13.1 Short Blades
 - Level 1.7 Throwing
 - Level 0.7 Dodging
 - Level 4.8 Stealth
 * Level 3.4 Shields


You had 7 spell levels left.
You knew the following spells:

 Your Spells              Type           Power        Failure   Level  Hunger
a - Swiftness             Chrm/Air       #.......     47%         2    ###....

Your spell library contained the following spells:

 Spells                   Type           Power        Failure   Level  Hunger
 Shock                    Conj/Air       #...         34%         1    ##.....
 Static Discharge         Conj/Air       #.......     71%         3    ####...
 Airstrike                Air            #.........   98%         4    #####..
 Lightning Bolt           Conj/Air       #.........   100%        5    ######.


Dungeon Overview and Level Annotations

Branches:
Dungeon (8/15)             Temple (1/1) D:5            Lair (0/6) D:8

Altars:
Ashenzari
Cheibriados
Dithmenos
Elyvilon
Fedhas
Gozag
Hepliaklqana
Kikubaaqudgha
Makhleb
Nemelex Xobeh
Okawaru
Qazlal
Ru
Sif Muna
Trog
Uskayaw
Vehumet
Wu Jian
Xom
Yredelemnul
Zin
The Shining One

Shops:
D:5 (*

Annotations:
D:7 2 transporters, Yosebu's ghost, novice GrFi


Innate Abilities, Weirdness & Mutations

You have razor-sharp teeth.
Your natural rate of healing is unusually fast.
When hurt, damage is shared between your health and your magic reserves.
Your bite disrupts and absorbs the magic of your enemies.
Potions cannot restore your health.
You are immune to rotting.


Message History

The curare-tipped dart hits the death yak.
The death yak is poisoned.
The death yak convulses.
The death yak seems to slow down.
The death yak is moderately wounded.
The death yak gores you!
You hit the death yak but do no damage. You bite the death yak.
You drain its power.
You feel invigorated.
The death yak is moderately wounded.
You barely miss the death yak.
You bite the death yak, but do no damage.
The death yak is moderately wounded.
The death yak gores you!!
* * * LOW HITPOINT WARNING * * *
You hit the death yak.
You bite the death yak, but do no damage.
The death yak is moderately wounded.
You hit the death yak.
You feel better.
The death yak is moderately wounded.
The death yak gores you!
You die...

############
#..........#
#..Y.......#
#.@........#
#..........#
#..........#
#..........+
#..........#
#######'#####
#...........#
#
#...........#
o..
#...........#
..o.


You could see a death yak.

Vanquished Creatures
  Harold (D:7)
  2 death yaks (D:7)
  A hornet (D:7)
  A porcupine (D:7)
  3 orc warriors
  A black bear (D:7)
  2 phantoms
  4 ice beasts
  An ogre (D:7)
  3 centaurs
  4 bullfrogs
  A scorpion (D:6)
  3 killer bees (D:8)
  A howler monkey (D:5)
  4 crimson imps
  A centaur zombie (D:6)
  2 orc priests (D:7)
  4 hounds
  8 orc wizards
  6 worker ants
  A howler monkey zombie (D:5)
  A howler monkey skeleton (D:7)
  7 adders
  4 oozes
  An adder zombie (D:4)
  5 adder skeletons
  6 worms
  3 dart slugs
  A leopard gecko (D:4)
  36 orcs
  2 ball pythons (D:1)
  4 giant cockroaches
  7 goblins
  10 hobgoblins
  2 jackals (D:3)
  5 quokkas
  14 bats
  3 frilled lizards
  A jackal zombie (D:6)
  11 kobolds
  2 leopard gecko skeletons
  6 rats
185 creatures vanquished.

Notes
Turn   | Place    | Note
-------+----------+-------------------------------------------
     0 | D:1      | HAL9000 the Vine Stalker Assassin began the quest for the
                  | Orb.
     0 | D:1      | Reached XP level 1. HP: 11/11 MP: 2/2
    49 | D:1      | Reached skill level 2 in Short Blades
   202 | D:1      | Reached XP level 2. HP: 15/15 MP: 3/3
   431 | D:1      | Reached skill level 3 in Short Blades
   479 | D:1      | Reached XP level 3. HP: 18/18 MP: 4/4
  1350 | D:2      | Found a blossoming altar of Fedhas.
  1350 | D:2      | Found a deep blue altar of Sif Muna.
  1351 | D:2      | Found a stormy altar of Qazlal.
  1381 | D:2      | Gained mutation: Your natural rate of healing is unusually
                  | fast. [Vine Stalker growth]
  1381 | D:2      | Reached XP level 4. HP: 13/23 MP: 3/5
  1490 | D:2      | Reached skill level 4 in Short Blades
  2289 | D:3      | Reached XP level 5. HP: 20/26 MP: 6/6
  2302 | D:3      | Noticed a centaur
  2594 | D:3      | Reached skill level 5 in Short Blades
  2906 | D:3      | Found a faded altar of an unknown god.
  3005 | D:3      | Killed a centaur
  3005 | D:3      | Reached XP level 6. HP: 12/30 MP: 2/7
  3059 | D:4      | Reached skill level 6 in Short Blades
  3212 | D:4      | Learned a level 2 spell: Swiftness
  3383 | D:4      | Reached XP level 7. HP: 34/34 MP: 8/8
  3655 | D:4      | Reached skill level 7 in Short Blades
  3845 | D:5      | Entered Level 5 of the Dungeon
  4155 | D:5      | Found Untet's Weapon Shoppe.
  4162 | D:5      | Found a staircase to the Ecumenical Temple.
  4174 | Temple   | Entered the Ecumenical Temple
  4313 | Temple   | Became a worshipper of Uskayaw the Reveler
  4356 | D:5      | Reached * piety under Uskayaw
  4374 | D:5      | Reached skill level 8 in Short Blades
  4404 | D:5      | Reached ** piety under Uskayaw
  4407 | D:5      | Gained mutation: You have razor-sharp teeth. [Vine Stalker
                  | growth]
  4407 | D:5      | Reached XP level 8. HP: 38/38 MP: 9/9
  4411 | D:5      | Reached *** piety under Uskayaw
  4636 | D:5      | Found Wetim's Assorted Antiques.
  4959 | D:6      | Found a bloodstained altar of Trog.
  5024 | D:6      | Reached skill level 9 in Short Blades
  5514 | D:6      | Found a radiant altar of Vehumet.
  6014 | D:7      | Reached skill level 10 in Short Blades
  6190 | D:7      | Reached XP level 9. HP: 42/42 MP: 10/10
  6253 | D:7      | Noticed Harold
  6274 | D:7      | Killed Harold
  6274 | D:7      | Reached skill level 11 in Short Blades
  6439 | D:7      | Noticed a hornet
  6496 | D:7      | HP: 2/42 [orc/+0 dagger (3)]
  6667 | D:7      | Killed a hornet
  6667 | D:7      | Reached skill level 1 in Shields
  6695 | D:7      | Found a shattered altar of Ashenzari.
  6868 | D:7      | Found a transporter.
  6870 | D:7      | Noticed Yosebu's ghost (novice GrFi)
  6929 | D:7      | Reached skill level 12 in Short Blades
  6994 | D:7      | Found a transporter.
  7012 | D:7      | HP: 1/42 [ice beast (11)]
  7152 | D:7      | Reached XP level 10. HP: 46/46 MP: 9/11
  7273 | D:8      | Found a staircase to the Lair.
  7273 | D:8      | Noticed a death yak
  7273 | D:8      | Noticed a death yak
  7273 | D:8      | Noticed a death yak
  7311 | D:7      | Killed a death yak
  7721 | D:7      | Killed a death yak
  7721 | D:7      | Reached skill level 13 in Short Blades
  7800 | D:8      | HP: 1/46 [death yak (18)]
  7802 | D:8      | Mangled by a death yak

Levels and vault maps discovered:
D:1:      sevenhm_arrival_forest_fort_large_2, layout_loops_ring,
          minmay_indecisive_spiral
D:2:      layout_basic, gammafunk_temple_overflow_forgotten
D:3:      layout_loops_ring, chequers_ecumenical_altar_grove
D:4:      minmay_wonky_spiral, layout_loops_cross
D:5:      layout_loops_ring, minmay_temple_entry_wispy, first_ration,
          serial_shops, shop_statue, nicolae_shop_behind_doors
D:6:      old_forge, layout_loops_corners, lightli_temple_of_fire,
          kennysheep_mini_moat
D:7:      layout_basic, overflow_temple_1_default, gammafunk_ghost_stat_death,
          uniq_harold
D:8:      layout_gridville, dpeg_lair_monsters, minivault_23,
          hangedman_little_slice_of_home, minmay_manual_mail
Temple:   regret_index_temple_sphere_string

Skill      XL: |  1  2  3  4  5  6  7  8  9 10 |
---------------+-------------------------------+-----
Short Blades   | 2 3 4 5 6 8 10 12 13 | 13.1
Shields        | 2 3 |  3.4
Fighting       | |  1.7
Throwing       | |  1.7
Dodging        | |  0.7
Stealth        | |  4.8

Action                   |  1- 3 |  4- 6 |  7- 9 | 10-12 || total
-------------------------+-------+-------+-------+-------++-------
Melee: Dagger            |    77 |   144 |    30 |       ||   251
       Bite              |    16 |    41 |   138 |    28 ||   223
       Short sword       |    14 |       |       |       ||    14
       Rapier            |       |       |   384 |    66 ||   450
Throw: Dart              |       |    14 |     5 |     4 ||    23
Invok: Stomp             |       |       |       |     1 ||     1
  Use: Scroll            |     1 |       |     6 |       ||     7
 Stab: Sleeping          |    14 |    10 |    14 |       ||    38
       Paralysed         |       |       |     2 |     3 ||     5
  Eat: Chunk             |     6 |    14 |    13 |     1 ||    34
Armor: Robe              |    27 |    32 |    47 |     6 ||   112
Dodge: Dodged            |    26 |    72 |   120 |    20 ||   238
Block: Buckler           |       |       |     6 |    17 ||    23

Table legend:
 A = Non-vault XP
 B = Vault XP
 C = Vault XP percentage of total XP
 D = Non-vault monster count
 E = Vault monster count
 F = Vault count percentage of total count
                 A         B        C        D         E       F
            +---------+---------+-------+---------+---------+-------
      Total |    4058 |    2989 |  42.4 |     169 |      16 |   8.6
            +---------+---------+-------+---------+---------+-------
        D:1 |      43 |       7 |  14.0 |      27 |       4 |  12.9
        D:2 |      86 |       0 |   0.0 |      25 |       0 |   0.0
        D:3 |     288 |       0 |   0.0 |      19 |       0 |   0.0
        D:4 |     362 |       8 |   2.2 |      21 |       2 |   8.7
        D:5 |     625 |       0 |   0.0 |      18 |       0 |   0.0
        D:6 |     646 |      96 |  12.9 |      17 |       6 |  26.1
        D:7 |    1736 |    2878 |  62.4 |      38 |       4 |   9.5
        D:8 |     272 |       0 |   0.0 |       4 |       0 |   0.0
            +---------+---------+-------+---------+---------+-------
